 Dungeon Sprint DCSS version 0.23.2-1-ga50397a6bc (webtiles) character file.

Game seed: 15049123044028004934

441 Kobolds4U the Unseen (level 6, -6/30 HPs)
             Began as a Spriggan Assassin on May 22, 2019.
             Was an Initiate of Okawaru.
             Mangled by a slime creature (21 damage)
             ... in the Dungeon (Sprint I: "Red Sonja").
             The game lasted 00:01:52 (96 turns).

Kobolds4U the Unseen (Spriggan Assassin)              Turns: 96, Time: 00:01:53

Health: -6/30      AC:  3    Str:  7    XL:     6   Next: 71%
Magic:  7/7        EV: 17    Int: 13    God:    Okawaru [......]
Gold:   297        SH:  0    Dex: 19    Spells: 5/5 levels left

rFire    . . .     SeeInvis +   a - +2 dagger
rCold    . . .     Gourm    .   (shield restricted)
rNeg     . . .     Faith    .   c - +0 robe
rPois    .         Spirit   .   (helmet restricted)
rElec    .         Reflect  .   d - +0 cloak
rCorr    .         Harm     .   (gloves unavailable)
MR       +....     NoTele   +   (boots unavailable)
Stlth    ++++++++..             (no amulet)
HPRegen  0.10/turn              (no ring)
MPRegen  0.10/turn              (no ring)

@: very quick
A: very small, unfitting armour, see invisible, herbivore, speed 3, slow
metabolism 2
a: Renounce Religion


You were in the Dungeon.
You worshipped Okawaru.
Okawaru was noncommittal.
You were not hungry.

You visited 1 branch You collected 297 gold pieces.

Inventory:

Hand Weapons
 a - a +2 dagger (weapon)
 b - a +0 blowgun
Missiles
 e - 8 poisoned needles
 f - 2 curare-tipped needles
Armour
 c - a +0 robe (worn)
 d - a +0 cloak (worn)
Wands
 n - a wand of flame (14)
Scrolls
 m - a scroll of blinking
 o - a scroll of identify {unknown}
Potions
 h - a potion of curing
 i - a potion of heal wounds
 j - a potion of haste
 k - 2 potions of magic
 l - a potion of berserk rage
 p - 2 potions of flight {unknown}
Comestibles
 g - a ration


   Skills:
 - Level 1.5 Fighting
 - Level 2.1 Short Blades
 - Level 2.0 Throwing
 + Level 1.5 Dodging
 - Level 20.5 Stealth


You had 5 spell levels left.
You didn't know any spells.
Your spell library was empty.

Dungeon Overview and Level Annotations

Branches:
Dungeon (1/1)

Altars:
Cheibriados
Dithmenos
Elyvilon
Fedhas
Gozag
Hepliaklqana
Kikubaaqudgha
Makhleb
Nemelex Xobeh
Okawaru
Qazlal
Ru
Sif Muna
Trog
Uskayaw
Vehumet
Wu Jian
Xom
Yredelemnul
Zin
The Shining One
Jiyva
Lugonu

Shops:
D (


Innate Abilities, Weirdness & Mutations

You are very small and have problems with some larger weapons.
You are too small for most types of armour.
You have supernaturally acute eyesight. (SInv)
You are a herbivore.
You cover ground extremely quickly.
You need to consume almost no food.


Message History

The slime creature hits you.
You hit the slime creature.
The slime creature is lightly wounded.
You hit the slime creature.
The slime creature is lightly wounded.
The slime creature barely misses you.
You barely miss the slime creature.
The slime creature is lightly wounded.
The slime creature barely misses you.
You hit the slime creature but do no damage.
The slime creature is lightly wounded.
The slime creature closely misses you.
You hit the slime creature.
The slime creature is lightly wounded.
The slime creature hits you!
You hit the slime creature but do no damage.
The slime creature is lightly wounded.
The slime creature hits you!!
Ouch! That really hurt!
You die...

###################
#<.#.['..#.)'..#__#
#..'..#.)'..#..@..+
#..#####'#####'#J_#
#..####..#...#.####
#..#__####..##.#
#..#_____##'#_.+
#⌠⌠#_.∩..†'..._#
####_..__##_.#'#
#_____###+#(#
####### ###


You could see a slime creature.

Vanquished Creatures
  Sigmund (D)
  A yak (D)
  An ogre (D)
  A jelly (D)
  Ijyb (D)
5 creatures vanquished.

Notes
Turn   | Place    | Note
-------+----------+-------------------------------------------
     0 | D        | Kobolds4U the Spriggan Assassin began the quest for the
                  | Orb.
     0 | D        | Reached XP level 1. HP: 10/10 MP: 2/2
     1 | D        | Noticed Ijyb
     4 | D        | Killed Ijyb
     4 | D        | Reached skill level 10 in Stealth
     4 | D        | Reached XP level 2. HP: 14/14 MP: 3/3
     7 | D        | Noticed an ogre
    10 | D        | Killed an ogre
    10 | D        | Reached skill level 14 in Stealth
    10 | D        | Reached XP level 3. HP: 18/18 MP: 4/4
    10 | D        | Reached XP level 4. HP: 22/22 MP: 5/5
    19 | D        | Noticed Sigmund
    22 | D        | Killed Sigmund
    22 | D        | Reached skill level 18 in Stealth
    22 | D        | Reached XP level 5. HP: 25/25 MP: 6/6
    22 | D        | Reached XP level 6. HP: 30/30 MP: 7/7
    34 | D        | Found an ornate altar of the Wu Jian Council.
    34 | D        | Found a deep blue altar of Sif Muna.
    36 | D        | Found a radiant altar of Vehumet.
    67 | D        | Found Orphuqac's Weapon Emporium.
    67 | D        | Found an ancient bone altar of Kikubaaqudgha.
    67 | D        | Found a hazy altar of Hepliaklqana.
    67 | D        | Found a stormy altar of Qazlal.
    67 | D        | Found a hide-covered altar of Uskayaw.
    67 | D        | Found a blossoming altar of Fedhas.
    67 | D        | Found a bloodstained altar of Trog.
    67 | D        | Found an iron altar of Okawaru.
    67 | D        | Found a basalt altar of Yredelemnul.
    67 | D        | Found a glowing golden altar of the Shining One.
    67 | D        | Found a snail-covered altar of Cheibriados.
    67 | D        | Found a sacrificial altar of Ru.
    67 | D        | Found a glowing silver altar of Zin.
    67 | D        | Found a shadowy altar of Dithmenos.
    67 | D        | Found a white marble altar of Elyvilon.
    67 | D        | Noticed a yak
    68 | D        | Found an opulent altar of Gozag.
    69 | D        | Killed a yak
    69 | D        | Reached skill level 20 in Stealth
    70 | D        | Found a sparkling altar of Nemelex Xobeh.
    75 | D        | Became a worshipper of Warmaster Okawaru
    87 | D        | Found a viscous altar of Jiyva.
    87 | D        | Found a corrupted altar of Lugonu.
    87 | D        | Noticed a slime creature
    88 | D        | Found a burning altar of Makhleb.
    88 | D        | Found a shimmering altar of Xom.
    96 | D        | Mangled by a slime creature

Skill      XL: |  1  2  3  4  5  6 |
---------------+-------------------+-----
Stealth        | 10 14 18 20 | 20.5
Fighting       | |  1.5
Short Blades   | |  2.1
Throwing       | |  2.0
Dodging        | |  1.5

Action                   |  1- 3 |  4- 6 || total
-------------------------+-------+-------++-------
Melee: Dagger            |     2 |    11 ||    13
 Stab: Sleeping          |     2 |     3 ||     5
Dodge: Dodged            |       |     5 ||     5
